 Dungeon Crawl Stone Soup version 0.28.0-1-gb440e238dd (webtiles) character file.

Game seed: 7006839271630584499

11541 Akaron the Frost Mage (level 11, -11/69 HPs)
             Began as an Octopode Ice Elementalist on Feb 19, 2022.
             Was a Follower of Dithmenos.
             Mangled by a cane toad (13 damage)
             ... on level 1 of the Lair of Beasts.
             The game lasted 00:46:38 (10464 turns).

Akaron the Frost Mage (Octopode Ice Elementalist)  Turns: 10464, Time: 00:46:39

Health: -11/69     AC: 17    Str: 15    XL:     11   Next: 79%
Magic:  22/22      EV: 15    Int: 17    God:    Dithmenos [*.....]
Gold:   520        SH:  0    Dex: 16    Spells: 12/25 levels left

rFire   . . .      SeeInvis .   A - +2 flail (protect)
rCold   + . .      Faith    .   t - +0 buckler
rNeg    . . .      Spirit   .   (helmet restricted)
rPois   .          Reflect  .   u - amulet of regeneration
rElec   .          Harm     .   f - ring of ice
rCorr   .          Rampage  .   b - ring of fire
Will    .....                   s - ring of protection from cold
Stlth   +++.......              C - ring of flight
HPRegen 1.01/turn               M - +6 ring of strength
MPRegen 0.18/turn               (no ring)
                                (no ring)
                                (no ring)

@: confused, lethally poisoned (-11 -> -24), ice-armoured, ambrosia-drunk, under
a protective aura, freezing walls, flying, wreathed by umbra, studying Shields
A: almost no armour, amphibious, 8 rings, camouflage 1, gelatinous body 1,
(nimble swimmer 1), tentacles
a: Renounce Religion


You were on level 1 of the Lair of Beasts.
You worshipped Dithmenos.
Dithmenos was aware of your devotion.
You visited 3 branches of the dungeon, and saw 11 of its levels.

You collected 520 gold pieces.

Inventory:

Hand Weapons
 x - a +2 flail of holy wrath
 A - a +2 flail of protection (weapon)
 E - a +4 dire flail
Missiles
 K - 5 poisoned darts
Armour
 t - a +0 buckler (worn)
Jewellery
 b - a ring of fire (right tentacle)
 d - an amulet of faith
 f - a ring of ice (left tentacle)
 s - a ring of protection from cold (on tentacle)
 u - an amulet of regeneration (around mantle)
 C - a ring of flight (on tentacle)
 M - a +6 ring of strength (on tentacle)
 O - a ring of protection from fire
Wands
 k - a wand of acid (16)
 y - a wand of polymorph (14)
 F - a wand of flame (14)
 H - a wand of paralysis (13)
 L - a wand of iceblast (9)
Scrolls
 a - 4 scrolls of fog
 e - a scroll of fear {unknown}
 g - 2 scrolls of torment {unknown}
 h - 2 scrolls of identify
 i - 3 scrolls of enchant weapon
 m - a scroll of brand weapon {unknown}
 n - 3 scrolls of vulnerability
 o - 4 scrolls of teleportation
 r - 2 scrolls of enchant armour {unknown}
 G - 3 scrolls of amnesia
 I - a scroll of noise {unknown}
 P - a scroll of magic mapping {unknown}
Potions
 c - 4 potions of attraction
 j - a potion of curing {unknown}
 l - a potion of brilliance {unknown}
 q - a potion of mutation {unknown}
 v - 2 potions of haste
 w - a potion of might {unknown}
 z - a potion of degeneration {unknown}
 B - a potion of flight {unknown}
 D - a potion of resistance {unknown}
 J - a potion of invisibility {unknown}
Miscellaneous
 N - a phantom mirror


   Skills:
 + Level 4.2 Fighting
 + Level 3.0 Short Blades
 + Level 6.7 Maces & Flails
 + Level 4.8 Dodging
 + Level 9.1 Stealth
 + Level 3.5 Shields
 + Level 7.9 Spellcasting
 + Level 5.1 Conjurations
 + Level 9.8 Ice Magic
 * Level 4.3 Air Magic
 + Level 1.0 Evocations


You had 12 spell levels left.
You knew the following spells:

 Your Spells              Type           Power      Damage    Failure   Level
a - Freeze                Ice            100%       1d11      1%          1
b - Frozen Ramparts       Ice            100%       1d12      1%          3
c - Ozocubu's Armour      Ice            57%        N/A       1%          3
d - Hailstorm             Conj/Ice       48%        3d11      6%          4
e - Ensorcelled Hibernat  Hex/Ice        70%        N/A       2%          2

Your spell library contained the following spells:

 Spells                   Type           Power      Damage    Failure   Level
 Mephitic Cloud           Conj/Pois/Air  17%        N/A       12%         3
 Freezing Cloud           Conj/Ice/Air   21%        6-21      28%         5
 Ignite Poison            Fire/Tmut/Pois 10%        N/A       38%         3
 Spider Form              Tmut/Pois      6%         N/A       38%         3
 Anguish                  Hex/Necr       3%         N/A       80%         4


Dungeon Overview and Level Annotations

Branches:
Dungeon (9/15)             Temple (1/1) D:6            Lair (1/6) D:8
    Orc: D:9-12

Altars:
Ashenzari
Cheibriados
Dithmenos
Elyvilon
Fedhas
Gozag
Hepliaklqana
Kikubaaqudgha
Makhleb
Nemelex Xobeh
Okawaru
Qazlal
Ru
Sif Muna
Trog
Uskayaw
Vehumet
Wu Jian
Xom
Yredelemnul
Zin
The Shining One

Shops:
D:5 *

Annotations:
D:9 Pikel


Innate Abilities, Weirdness & Mutations

You cannot wear most types of armour.
You are amphibious.
You can wear up to eight rings at the same time.
Your skin changes colour to match your surroundings (Stealth+).
Your rubbery body absorbs attacks. (AC +1, EV +1)
((You are camouflaged when in or above water. (Stealth+)))
You have tentacles for arms and can constrict up to eight enemies at once.


Message History

You constrict the cane toad.
You feel extremely sick. The cane toad barely misses you.
The cane toad stings you.
Unknown command.
Casting: Ozocubu's Armour (safe; 1% risk of failure)
Confirm with . or Enter, or press ? or * to list all spells.
Casting: Frozen Ramparts (safe; 1% risk of failure)
Press: ? - help, Dir - look around, f - activate This square is wreathed by an umbra.
You feel a surge of power!
The walls around you are covered in ice.
You constrict the cane toad.
You feel very sick.
The wall freezes the cane toad.
The cane toad seems to slow down.
The cane toad stings you!
* * * LOW HITPOINT WARNING * * *
You are lethally poisoned!
The cane toad poisons you!
Okay, then.
You hit the cane toad but do no damage.
You squeeze the cane toad, but do no damage.
The cane toad is heavily wounded.
You constrict the cane toad.
* * * LOW HITPOINT WARNING * * *
You feel extremely sick.
The wall freezes the cane toad.
The cane toad stings you but does no damage.
You are confused.
You feel invigorated.
You constrict the cane toad.
* * * LOW HITPOINT WARNING * * *
You feel extremely sick.
Okay, then.
Your icy armour and frozen ramparts will break if you move.
Continue?
Okay, then.
Your icy armour and frozen ramparts will break if you move.
Continue?
You bump into the rock wall.
You constrict the cane toad.
* * * LOW HITPOINT WARNING * * *
You feel very sick.
The wall freezes the cane toad.
The cane toad stings you!
You die...

#.P##.######
#.###..####
#.##......##.....#
#.##......##.....#
...#......##.....#
#.##.......#(....+
##.##............(#
#.F##......#......#
#@##......##......
#.####..####......
#.####.#####......
#.................
#.................
##.................
#..................
##.#####..#......##
#.####.###......##


You could see a cane toad (slow).

Vanquished Creatures
  2 two-headed ogres
  Nergalle (Lair:1)
  A manticore (D:8)
  A cyclops (D:8)
  A moth of wrath (D:6)
  A black mamba (Lair:1)
  An unseen horror (D:6)
  A cane toad (Lair:1)
  A polar bear (Lair:1)
  4 blink frogs (Lair:1)
  Grinder (D:6)
  A slime creature (D:8)
  2 wyverns
  5 yaks (D:8)
  A steam dragon (D:8)
  An acid dragon (D:8)
  The ghost of stansietse the Digger, an amateur OpEE (D:4)
  7 water moccasins
  Duvessa (D:5)
  2 ice beasts
  An orc warrior (D:8)
  2 hornet zombies (D:8)
  A necrophage (D:8)
  A sky beast (D:8)
  6 ogres
  3 wolves (Lair:1)
  A centaur (D:8)
  3 phantoms
  A kobold brigand (D:8)
  9 bullfrogs
  4 scorpions
  A gnoll sergeant (D:8)
  Dowan (D:5)
  11 killer bees
  3 wights
  An electric eel (D:7)
  3 howler monkeys (D:8)
  5 jellies
  2 hounds
  2 centaur zombies (D:8)
  An orc priest (D:6)
  2 bullfrog skeletons
  2 gnoll shamans
  Ijyb (D:3)
  An iguana (D:4)
  3 orc wizards
  2 killer bee zombies
  A howler monkey zombie (D:8)
  Robin (D:3)
  A howler monkey skeleton (D:6)
  9 gnolls
  7 adders
  A shadow imp (D:5)
  3 white imps
  An ufetubus (D:5)
  2 adder skeletons
  2 worms (D:6)
  A dart slug (D:2)
  17 orcs
  9 ball pythons
  15 endoplasms
  3 giant cockroaches
  20 goblins
  7 hobgoblins
  8 jackals
  3 quokkas
  3 bats (D:3)
  6 frilled lizards
  24 kobolds
  7 rats
260 creatures vanquished.

Vanquished Creatures (others)
  4 fungi
  2 plants (D:9)
  10 toadstools (D:2)
  2 withered plants (D:4)
18 creatures vanquished.

Grand Total: 278 creatures vanquished

Notes
Turn   | Place    | Note
-------+----------+-------------------------------------------
     0 | D:1      | Akaron the Octopode Ice Elementalist began the quest for
                  | the Orb.
     0 | D:1      | Reached XP level 1. HP: 11/11 MP: 3/3
   440 | D:1      | Reached XP level 2. HP: 17/17 MP: 5/5
  1158 | D:1      | Reached XP level 3. HP: 21/21 MP: 6/6
  1164 | D:1      | Learned a level 3 spell: Frozen Ramparts
  1901 | D:2      | Reached skill level 5 in Ice Magic
  1901 | D:2      | Reached XP level 4. HP: 6/27 MP: 2/7
  1958 | D:2      | Learned a level 3 spell: Ozocubu's Armour
  2148 | D:2      | Reached XP level 5. HP: 23/32 MP: 1/8
  2460 | D:2      | Found a faded altar of an unknown god.
  2708 | D:2      | Reached skill level 1 in Short Blades
  3186 | D:3      | Noticed Ijyb
  3194 | D:3      | Killed Ijyb
  3285 | D:3      | Noticed Robin
  3297 | D:3      | Killed Robin
  3298 | D:3      | Reached skill level 1 in Conjurations
  3301 | D:3      | Reached XP level 6. HP: 36/37 MP: 1/10
  3953 | D:4      | Found a burning altar of Makhleb.
  3974 | D:4      | Found a runed translucent door.
  3974 | D:4      | Noticed stansietse's ghost (amateur OpEE)
  3997 | D:4      | Reached XP level 7. HP: 42/42 MP: 4/12
  4378 | D:4      | Reached skill level 1 in Fighting
  4592 | D:5      | Entered Level 5 of the Dungeon
  4595 | D:5      | Found Bastui's Jewellery Boutique.
  4835 | D:5      | Reached XP level 8. HP: 48/48 MP: 5/14
  4954 | D:5      | Found a white marble altar of Elyvilon.
  5135 | D:5      | Reached skill level 5 in Stealth
  5461 | D:5      | Found Caulim's Serpentskin Sales.
  5468 | D:5      | Reached skill level 5 in Spellcasting
  5562 | D:5      | Noticed Duvessa
  5562 | D:5      | Noticed Dowan
  5566 | D:5      | Killed Dowan
  5573 | D:5      | Killed Duvessa
  5574 | D:5      | Reached XP level 9. HP: 40/54 MP: 5/17
  5911 | D:6      | Noticed Grinder
  5920 | D:6      | Killed Grinder
  6135 | D:6      | Identified the +0 cloak "Dosoul" {Will+ Str+3}
  6151 | D:6      | Reached skill level 1 in Shields
  6358 | D:6      | Noticed a moth of wrath
  6365 | D:6      | Learned a level 4 spell: Hailstorm
  6373 | D:6      | Learned a level 2 spell: Ensorcelled Hibernation
  6381 | D:6      | Found a bloodstained altar of Trog.
  6412 | D:6      | Killed a moth of wrath
  6611 | D:6      | Noticed a two-headed ogre
  6618 | D:6      | Killed a two-headed ogre
  6619 | D:6      | Reached XP level 10. HP: 19/61 MP: 10/19
  6620 | D:6      | Killed an unseen horror
  6708 | D:6      | Found a staircase to the Ecumenical Temple.
  7717 | Temple   | Entered the Ecumenical Temple
  7952 | Temple   | Became a worshipper of Dithmenos the Shadowed
  8101 | D:4      | Killed stansietse's ghost
  8297 | D:8      | Found a runed translucent door.
  8409 | D:8      | Found a glowing golden altar of the Shining One.
  8591 | D:8      | Found a staircase to the Lair.
  8615 | D:8      | Reached skill level 1 in Air Magic
  8744 | D:8      | Found a stormy altar of Qazlal.
  8823 | D:8      | HP: 1/63 [acid dragon/splash of acid (26)]
  8828 | D:9      | Noticed Pikel
  8881 | D:8      | Found a snail-covered altar of Cheibriados.
  8882 | D:8      | Found a sparkling altar of Nemelex Xobeh.
  8888 | D:8      | Reached skill level 5 in Maces & Flails
  9006 | D:8      | Found a runed translucent door.
  9186 | D:8      | Reached XP level 11. HP: 64/67 MP: 15/22
  9259 | D:8      | Noticed a two-headed ogre
  9260 | D:8      | Noticed a cyclops
  9268 | D:8      | Killed a cyclops
  9273 | D:8      | Killed a two-headed ogre
  9276 | D:8      | Reached * piety under Dithmenos
  9277 | D:8      | Reached skill level 5 in Conjurations
  9291 | D:8      | Noticed a manticore
  9398 | D:8      | Killed a manticore
  9715 | Lair:1   | Entered Level 1 of the Lair of Beasts
  9736 | Lair:1   | Reached skill level 1 in Evocations
  9913 | Lair:1   | Noticed Nergalle
  9930 | Lair:1   | Killed Nergalle
 10463 | Lair:1   | HP: 2/69 [poisoned by a cane toad]
 10464 | Lair:1   | Mangled by a cane toad

Illustrated notes

Levels and vault maps discovered:
D:1:      mrwooster_arrival_statue, layout_basic,
          wander_ebering_terrifying_dragon_lair
D:2:      cheibrodos_fertilizer, layout_basic, shapermc_ecumenical_altar_ellora
D:3:      layout_basic, minmay_misc_feat_columns, moated_statue, uniq_robin,
          uniq_ijyb
D:4:      layout_rooms, makhleb_heckhound_becter, gammafunk_ghost_grave,
          minmay_puff
D:5:      layout_basic, mainiacjoe_overflow_brackets, serial_shops, shop_coins,
          guppyfry_shop_venom, uniq_duvessa
D:6:      layout_cave_pools, tgw_trog, temple_hall, minmay_misc_feat_roman,
          minmay_manual_monstrance, uniq_grinder
D:7:      layout_basic, grunt_ministairs_14, nrook_pool_corridor,
          kennysheep_small_square
D:8:      cheibrodos_histonic, layout_cave_pools,
          gammafunk_temple_overflow_pools, mainiacjoe_overflow_24_doors,
          lemuel_doored_altar, dpeg_oklobed_lair
D:9:      layout_rooms, serial_shops, nicolae_shop_overgrown_old_shop,
          uniq_pikel
Temple:   regret_index_temple_generic_petals
Lair:1:   layout_regular_city, gauntlet_entry_generic, uniq_nergalle

Skill      XL: |  1  2  3  4  5  6  7  8  9 10 11 |
---------------+----------------------------------+-----
Stealth        | 3 4 6 7 8 9 |  9.1
Ice Magic      | 5 6 7 8 9 |  9.8
Short Blades   | 1 2 3 |  3.0
Conjurations   | 1 2 3 4 5 |  5.1
Spellcasting   | 3 4 5 6 7 |  7.9
Fighting       | 1 2 3 4 |  4.2
Dodging        | 3 4 |  4.8
Shields        | 1 2 3 |  3.5
Maces & Flails | 3 5 6 |  6.7
Air Magic      | 2 4 |  4.3
Evocations     | 1 |  1.0

Action                   |  1- 3 |  4- 6 |  7- 9 | 10-12 || total
-------------------------+-------+-------+-------+-------++-------
Melee: Short sword       |    26 |    60 |    67 |       ||   153
       Constrict         |     4 |    15 |    22 |    41 ||    82
       Tentacles         |     2 |    10 |    28 |    75 ||   115
       Unarmed           |     1 |       |       |       ||     1
       Punch             |       |     1 |     2 |     9 ||    12
       Flail             |       |       |    58 |   249 ||   307
 Cast: Freeze            |    27 |    29 |    42 |     1 ||    99
       Frozen Ramparts   |     3 |     8 |    14 |    18 ||    43
       Ozocubu's Armour  |       |     5 |    12 |    23 ||    40
       Hailstorm         |       |       |     3 |     8 ||    11
Evoke: Wand              |       |     2 |     1 |     9 ||    12
  Use: Scroll            |       |       |     1 |     7 ||     8
       Potion            |       |       |       |     2 ||     2
 Stab: Sleeping          |    10 |     7 |    10 |    16 ||    43
       Distracted        |       |       |     2 |       ||     2
       Paralysed         |       |       |       |     5 ||     5
Armor: Skin              |     3 |     9 |    35 |    87 ||   134
Dodge: Dodged            |    18 |    50 |    79 |   194 ||   341
Block: Buckler           |       |       |    26 |    60 ||    86
